 Dungeon Crawl Stone Soup version 0.27-a0-1334-g2746e35aca (webtiles) character file.

Game seed: 654721398353592790

18115 avis the Martial Artist (level 11, -4/112 HPs)
             Began as a Demigod Transmuter on June 26, 2021.
             Slain by an eight-headed hydra (5 damage)
             ... on level 3 of the Lair of Beasts.
             The game lasted 01:57:21 (17460 turns).

avis the Martial Artist (Demigod Transmuter)       Turns: 17460, Time: 01:57:22

Health: -4/112     AC: 11    Str: 11    XL:     11   Next: 99%
Magic:  10/20      EV: 15    Int: 15    God:
Gold:   76         SH:  5    Dex: 26    Spells: 6/18 levels left

rFire    x . .     SeeInvis .     - Unarmed
rCold    + + +     Faith    .   (shield currently unavailable)
rNeg     . . .     Spirit   .   (armour currently unavailable)
rPois    +         Reflect  +   (helmet currently unavailable)
rElec    .         Harm     .   (cloak currently unavailable)
rCorr    .         Rampage  .   (gloves currently unavailable)
Will     +....                  (boots currently unavailable)
Stlth    ++........             j - amulet of reflection
HPRegen  0.28/turn              y - +4 ring of protection
MPRegen  0.17/turn              (no ring)

@: ice-form, very slightly contaminated
A: freezing attack, amphibious, boosted hp, large, high mp 1, forlorn
a: End Transformation


You were on level 3 of the Lair of Beasts.
You were a creature of crystalline ice.
You visited 3 branches of the dungeon, and saw 13 of its levels.

You collected 571 gold pieces.
You spent 495 gold pieces at shops.

Inventory:

Hand Weapons
 b - a +0 shortbow
 c - a +0 hand crossbow
Missiles
 d - 165 bolts
 h - 6 throwing nets
 i - 167 arrows
 l - 9 boomerangs
 E - 38 poisoned darts
 L - 2 curare-tipped darts
Armour
 e - a +0 pair of gloves (melded)
 f - a +2 hat (melded)
 u - a +0 buckler (melded)
 F - a +0 kite shield
 N - a +0 troll leather armour (melded)
 O - a scarf of shadows (melded)
Magical Staves
 D - a staff of death
Jewellery
 j - an amulet of reflection (around neck)
 y - a +4 ring of protection (left front paw)
Wands
 A - a wand of acid (7)
 H - a wand of iceblast (15)
 M - a wand of flame (38)
Scrolls
 a - 2 scrolls of fog {unknown}
 g - 2 scrolls of blinking
 k - 2 scrolls of vulnerability {unknown}
 m - a scroll of fear
 s - 3 scrolls of immolation {unknown}
 t - a scroll of teleportation {unknown}
 x - 4 scrolls of acquirement {unknown}
 z - a scroll of amnesia
 B - 4 scrolls of enchant weapon {unknown}
 C - a scroll of magic mapping {unknown}
 K - 4 scrolls of silence
Potions
 n - 3 potions of ambrosia
 o - 7 potions of curing
 p - a potion of heal wounds
 q - 2 potions of haste
 r - 2 potions of brilliance
 v - a potion of lignification
 w - a potion of cancellation {unknown}
 G - a potion of flight {unknown}
 J - 2 potions of magic


   Skills:
 + Level 8.1 Fighting
 - Level 3.0 Armour
 - Level 7.0 Dodging
 - Level 4.0 Shields
 * Level 11.8 Unarmed Combat
 - Level 4.0 Spellcasting
 - Level 2.0 Translocations
 - Level 6.0 Transmutations
 - Level 4.0 Ice Magic
 - Level 2.0 Poison Magic


You had 6 spell levels left.
You knew the following spells:

 Your Spells              Type           Power      Damage    Failure   Level
a - Beastly Appendage     Tmut           42%        N/A       1%          1
b - Blink                 Tloc           N/A        N/A       12%         2
c - Wereblood             Tmut           21%        N/A       2%          2
p - Spider Form           Tmut/Pois      7%         N/A       11%         3
q - Ice Form              Ice/Tmut       18%        N/A       22%         4

Your spell library contained the following spells:

 Spells                   Type           Power      Damage    Failure   Level
 Sting                    Tmut/Pois      60%        1d6       3%          1
 Apportation              Tloc           18%        N/A       8%          1
 Ensorcelled Hibernation  Hex/Ice        18%        N/A       12%         2
 Animate Skeleton         Necr           6%         N/A       19%         1
 Corona                   Hex            3%         N/A       19%         1
 Magic Dart               Conj           12%        1d3       19%         1
 Summon Small Mammal      Summ           12%        N/A       19%         1
 Poisonous Vapours        Pois/Air       12%        N/A       19%         2
 Ignite Poison            Fire/Tmut/Pois 10%        N/A       19%         3
 Call Imp                 Summ           3%         N/A       26%         2
 Slow                     Hex            3%         N/A       26%         2
 Mephitic Cloud           Conj/Pois/Air  4%         N/A       38%         3
 Conjure Flame            Conj/Fire      3%         6-21      47%         3
 Vampiric Draining        Necr           1%         2d6       47%         3
 Olgreb's Toxic Radiance  Pois           9%         N/A       61%         4
 Borgnjor's Vile Clutch   Necr/Erth      1%         N/A       99%         5
 Simulacrum               Ice/Necr       4%         N/A       100%        6


Dungeon Overview and Level Annotations

Branches:
Dungeon (9/15)             Temple (1/1) D:5            Lair (3/6) D:9
  Snake (0/4) Lair:3          Orc (0/2) D:9
  Swamp: Lair:2-4    Shoals: Lair:2-4

Shops:
D:2 ?   D:3 :   D:5 !=[[

Annotations:
D:2 1 runed translucent door, Crazy Yiuf


Innate Abilities, Weirdness & Mutations

You are a creature of crystalline ice.
You have a powerful freezing melee attack.
You are amphibious.
Your maximum health is increased.
Your armour is entirely melded.
You are incapable of wielding weapons or throwing items.
Your attributes grow dramatically as you level up.
You have an increased reservoir of magic. (+10% MP)
You shall have no god before yourself.


Message History

You barely miss the wyvern.
The wyvern is almost dead.
The wyvern bites you but does no damage.
You pummel the wyvern!! You freeze the wyvern.
You kill the wyvern!
Your magical contamination has completely faded away.
You hit the eight-headed hydra. You freeze the eight-headed hydra.
The eight-headed hydra is moderately wounded.
The eight-headed hydra misses you.
The eight-headed hydra closely misses you. x2
The eight-headed hydra bites you.
The eight-headed hydra completely misses you.
The eight-headed hydra bites you!
You block the eight-headed hydra's attack.
The eight-headed hydra misses you.
You punch the eight-headed hydra! You freeze the eight-headed hydra.
The eight-headed hydra is heavily wounded.
The eight-headed hydra bites you!
The eight-headed hydra barely misses you.
The eight-headed hydra bites you.
* * * LOW HITPOINT WARNING * * *
You block the eight-headed hydra's attack.
The eight-headed hydra bites you but does no damage.
The eight-headed hydra bites you!
* * * LOW HITPOINT WARNING * * *
The eight-headed hydra bites you but does no damage.
The eight-headed hydra bites you.
* * * LOW HITPOINT WARNING * * *
Casting: Blink (safe; 12% risk of failure)
Confirm with . or Enter, or press ? or * to list all spells.
You miscast Blink.
You are very lightly contaminated with residual magic.
Nothing appears to happen.
The eight-headed hydra bites you!
* * * LOW HITPOINT WARNING * * *
You block the eight-headed hydra's attack.
The eight-headed hydra misses you. x2; The eight-headed hydra bites you!
* * * LOW HITPOINT WARNING * * *
You block the eight-headed hydra's attack.
The eight-headed hydra bites you.
You die...

##### #...#....♣ ###...#
##P..##.### ##....# ##.†.##..###
##♣♣♣♣♣ ##.....## ###..####..#.##
#......
#..##...###...####....#.###......
...###........#.#.....>......#...
...##.#....†.....Y...D####..##...
..######...#....#D#..#.# #.......
.#### ######..#Y###..## ##......
.<..# #.#####..P# ##...?.. ....#
#.. #..#####....... ....# ..##
##..#.P..#...## ..#.# ##.#
##............# .#..# #.#
#........#...## .##..# ..#
#.......##.^## ## ..#
#####......## #.# #....###


You could see an eight-headed hydra and an elephant.

Vanquished Creatures
  Harold (D:8)
  Nergalle (Lair:1)
  A deep elf pyromancer (D:8)
  A cyclops (D:8)
  5 elephants
  Joseph (D:7)
  A black mamba (Lair:3)
  3 komodo dragons
  2 rime drakes (Lair:2)
  A queen bee (Lair:2)
  A troll (D:8)
  A hornet (D:8)
  6 wyverns
  16 yaks
  A wraith (D:8)
  3 basilisks
  4 nagas (Lair:3)
  An acid dragon (D:9)
  6 water moccasins
  2 black bears
  An ice beast (D:5)
  4 orc warriors
  4 sky beasts
  A necrophage (D:7)
  2 ogres (D:7)
  11 wolves
  3 centaurs
  3 kobold brigands
  2 phantoms (D:5)
  2 gnoll sergeants (D:7)
  11 bullfrogs
  A wyvern zombie (D:7)
  4 scorpions
  A wyvern skeleton (D:7)
  25 killer bees (Lair:2)
  8 wights
  3 electric eels (D:9)
  A howler monkey (D:5)
  6 orc priests
  A jelly (D:5)
  4 bullfrog skeletons
  A bullfrog zombie (D:6)
  3 centaur skeletons
  5 hounds
  Jessica (D:2)
  6 iguanas
  5 hell rats
  7 orc wizards
  A killer bee zombie (D:9)
  A hound skeleton (D:5)
  A howler monkey skeleton (D:7)
  10 gnolls
  8 river rats (Lair:1)
  11 adders
  A shadow imp (D:7)
  An adder skeleton (D:4)
  5 dart slugs
  31 orcs
  6 ball pythons
  9 bats
  9 endoplasms
  A giant cockroach (D:1)
  5 goblins
  2 hobgoblins
  3 jackals (D:3)
  8 quokkas
  4 frilled lizards
  17 kobolds
  7 rats
325 creatures vanquished.

Vanquished Creatures (others)
  A komodo dragon (Lair:2)
  A black bear (Lair:2)
  A hell rat (Lair:2)
  15 fungi
  5 plants
23 creatures vanquished.

Grand Total: 348 creatures vanquished

Notes
Turn   | Place    | Note
-------+----------+-------------------------------------------
     0 | D:1      | avis the Demigod Transmuter began the quest for the Orb.
     0 | D:1      | Reached XP level 1. HP: 15/15 MP: 5/5
    74 | D:1      | Reached skill level 3 in Unarmed Combat
   254 | D:1      | Reached XP level 2. HP: 14/22 MP: 4/7
  1231 | D:1      | Reached XP level 3. HP: 27/27 MP: 5/8
  1259 | D:1      | Learned a level 3 spell: Spider Form
  1454 | D:1      | Reached skill level 4 in Unarmed Combat
  1560 | D:2      | Noticed Jessica
  1564 | D:2      | Reached skill level 1 in Poison Magic
  1603 | D:2      | Reached skill level 1 in Fighting
  1607 | D:2      | Killed Jessica
  1608 | D:2      | Reached XP level 4. HP: 36/36 MP: 6/9
  2042 | D:2      | Found Ycuog Mim's Magic Scroll Shoppe.
  2048 | D:2      | Bought a scroll of identify for 28 gold pieces
  2048 | D:2      | Bought a scroll of noise for 14 gold pieces
  2174 | D:2      | Found a runed translucent door.
  2175 | D:2      | Noticed Crazy Yiuf
  2756 | D:3      | Found Guvevam's Book Shoppe.
  2784 | D:3      | Reached XP level 5. HP: 41/41 MP: 8/10
  2858 | D:3      | Reached skill level 5 in Unarmed Combat
  3312 | D:4      | Noticed a black bear
  3335 | D:3      | Killed a black bear
  3433 | D:3      | Reached XP level 6. HP: 43/48 MP: 9/11
  3473 | D:4      | Reached skill level 6 in Unarmed Combat
  4454 | D:5      | Entered Level 5 of the Dungeon
  4497 | D:5      | Reached skill level 7 in Unarmed Combat
  4691 | D:5      | Found Wonwis's Antique Armour Boutique.
  4719 | D:5      | Reached XP level 7. HP: 48/55 MP: 10/12
  4788 | D:5      | Learned a level 4 spell: Ice Form
  4810 | D:5      | Found Upuuxyod's Jewellery Shoppe.
  5052 | D:5      | Found Xaup Lic's Armour Shop.
  5089 | D:5      | Found Songity's Distillery.
  5193 | D:5      | Reached skill level 5 in Dodging
  5248 | D:5      | Found a staircase to the Ecumenical Temple.
  5645 | Temple   | Entered the Ecumenical Temple
  5792 | D:6      | Reached XP level 8. HP: 65/66 MP: 7/13
  6706 | D:6      | Learned a level 2 spell: Wereblood
  6709 | D:6      | Learned a level 2 spell: Blink
  6715 | D:6      | Noticed a manticore
  7216 | D:7      | Reached skill level 5 in Transmutations
  7622 | D:7      | Noticed Joseph
  7647 | D:7      | Killed Joseph
  7648 | D:7      | Reached skill level 1 in Translocations
  7648 | D:7      | Reached XP level 9. HP: 34/71 MP: 16/18
  7959 | D:7      | Reached skill level 8 in Unarmed Combat
  8250 | D:6      | Reached skill level 9 in Unarmed Combat
  8250 | D:6      | Reached skill level 1 in Ice Magic
  8614 | D:7      | Reached skill level 5 in Fighting
  8970 | D:7      | Identified the Collected Works on the Dark Frostbite
  9153 | D:8      | Noticed Harold
  9174 | D:8      | Killed Harold
  9175 | D:8      | Reached skill level 1 in Shields
  9195 | D:7      | Reached XP level 10. HP: 41/78 MP: 17/19
  9728 | D:8      | Noticed a deep elf pyromancer
  9736 | D:8      | Killed a deep elf pyromancer
  9737 | D:8      | Reached skill level 10 in Unarmed Combat
 10074 | D:8      | Noticed a cyclops
 10081 | D:8      | Killed a cyclops
 10588 | D:8      | Paralysed by a hornet for 2 turns
 11216 | D:9      | Found a staircase to the Orcish Mines.
 11497 | D:9      | Found a staircase to the Lair.
 12826 | D:9      | Upgraded the game from 0.27-a0-1332-g84bddb5ca7 to
                  | 0.27-a0-1334-g2746e35aca
 12870 | Lair:1   | Entered Level 1 of the Lair of Beasts
 13113 | Lair:1   | Reached XP level 11. HP: 87/92 MP: 17/20
 13283 | Lair:1   | Noticed Nergalle
 13318 | Lair:1   | Killed Nergalle
 15187 | D:2      | Bought a scroll of amnesia for 49 gold pieces
 15295 | D:5      | Bought a potion of berserk rage for 75 gold pieces
 15403 | D:2      | Bought a scroll of blinking for 105 gold pieces
 15403 | D:2      | Bought a scroll of silence for 105 gold pieces
 15829 | Lair:2   | Reached skill level 11 in Unarmed Combat
 16011 | Lair:2   | Reached skill level 1 in Armour
 16763 | D:5      | Bought a buzzing leather armour for 119 gold pieces
 16763 | D:5      | Identified the +1 leather armour of Lugonu's Respect {*Slow
                  | rCorr Int+7 Stlth+} (You bought it in a shop on level 5 of
                  | the Dungeon)
 16983 | Lair:3   | Found a staircase to the Snake Pit.
 17431 | Lair:3   | Noticed an eight-headed hydra
 17460 | Lair:3   | HP: 1/112 [eight-headed hydra (8)]
 17460 | Lair:3   | Slain by an eight-headed hydra

Illustrated notes

Levels and vault maps discovered:
D:1:      giann_horns, layout_basic, ebering_ecumenical_altar_rust
D:2:      layout_rooms, serial_shops, nicolae_shop_behind_doors,
          uniq_crazy_yiuf_cottage, uniq_jessica
D:3:      layout_loops_ring, serial_shops, shop, skrybe_limestone_x
D:4:      layout_rooms
D:5:      layout_loops_ring, minmay_temple_entry_statues_fountains,
          serial_shops, nicolae_shop_competitors_out_of_business, shop,
          shop_fountains, nicolae_shop_stone
D:6:      layout_rooms, lightli_corner_chamber
D:7:      minmay_octagon_keep, layout_rooms, st_stairs_11, grunt_decor_clamped,
          uniq_joseph
D:8:      layout_loops_ring, uniq_harold
D:9:      layout_cave_pools, lemuel_crystal_altar, erik_lair_island, erik_orc_4
Temple:   kilobyte_greek_temple
Lair:1:   layout_hall_layers, minivault_25, chequers_serial_rivers_large_a,
          chequers_serial_rivers_micro_b, kennysheep_rathole, uniq_nergalle
Lair:2:   layout_roguey [special_room_bee], lemuel_old_faithful
Lair:3:   layout_layer_cave, nicolae_swamp_entry_splash_gauntlet,
          minmay_snake_entry_guardpost_medium, lemuel_fruit_fields,
          infiniplex_staircase_pool_2

Skill      XL: |  1  2  3  4  5  6  7  8  9 10 11 |
---------------+----------------------------------+-----
Unarmed Combat | 3 4 5 7 9 10 11 | 11.8
Transmutations | 2 5 6 |  6.0
Poison Magic   | 1 2 |  2.0
Fighting       | 1 2 3 4 5 7 8 |  8.1
Dodging        | 2 5 6 7 |  7.0
Spellcasting   | 4 |  4.0
Translocations | 1 2 |  2.0
Ice Magic      | 2 4 |  4.0
Shields        | 2 4 |  4.0
Armour         | 3 |  3.0

Action                   |  1- 3 |  4- 6 |  7- 9 | 10-12 || total
-------------------------+-------+-------+-------+-------++-------
Melee: Unarmed           |    82 |   177 |   302 |   512 ||  1073
       Headbutt          |     9 |    15 |    12 |     5 ||    41
       Kick              |    15 |    20 |    24 |     4 ||    63
       Punch             |     1 |       |     5 |     2 ||     8
 Cast: Beastly Appendage |    22 |    32 |    16 |     4 ||    74
       Spider Form       |     2 |    19 |    41 |    32 ||    94
       Ice Form          |       |       |       |    32 ||    32
       Blink             |       |       |       |     4 ||     4
  Use: Scroll            |       |       |     7 |     3 ||    10
       Potion            |       |       |       |     3 ||     3
 Stab: Sleeping          |     2 |     2 |     2 |     6 ||    12
       Distracted        |       |     1 |       |     2 ||     3
Armor: Robe              |    10 |    17 |     6 |       ||    33
       Skin              |     1 |     3 |     6 |    68 ||    78
       Leather armour    |       |       |    11 |     4 ||    15
       Troll leather arm |       |       |       |     3 ||     3
Dodge: Dodged            |    54 |   113 |   216 |   386 ||   769
Block: Other             |       |    34 |    65 |   103 ||   202
       Reflection        |       |     1 |     3 |     1 ||     5
       Buckler           |       |       |       |     6 ||     6

Table legend: (Time is in decaauts)
 A = Elapsed time spent in this place.
 B = Non-inter-level travel time spent in this place.
 C = Inter-level travel time spent in this place.
 D = Time resting spent in this place.
 E = Time spent auto-exploring this place.
 F = Levels seen in this place.
 G = Mean time per level.
                   A        B        C        D        E       F      G
               +--------+--------+--------+--------+--------+-----+--------+
         Total |  17412 |  15775 |   1637 |   6929 |   4601 |  13 | 1339.4 |
       Dungeon |  14537 |  13188 |   1349 |   6495 |   3972 |   9 | 1615.2 |
        Temple |     16 |     13 |      3 |      0 |      0 |   1 |   16.0 |
          Lair |   2859 |   2574 |    285 |    434 |    629 |   3 |  953.0 |
               +--------+--------+--------+--------+--------+-----+--------+

Top non-repeatable levels by time:
     D:8: 3204 daAuts
     D:7: 2154 daAuts
     D:5: 1609 daAuts
     D:1: 1577 daAuts
     D:3: 1491 daAuts
     D:9: 1459 daAuts
  Lair:1: 1380 daAuts
     D:6: 1279 daAuts
  Lair:2: 1047 daAuts
     D:4: 881 daAuts
     D:2: 880 daAuts
  Lair:3: 431 daAuts
  Temple: 16 daAuts
